 Dungeon Crawl Stone Soup version 0.15.0-23-gc2b521c (webtiles) character file.

140655 MDvedh the Bludgeoner (level 16, -10/133 (134) HPs)
             Began as a Centaur Death Knight on Sept 9, 2014.
             Was the Champion of Yredelemnul.
             Mangled by a phantasmal warrior (14 damage)
             ... on Level 5 of the Swamp.
             The game lasted 01:23:31 (32406 turns).

MDvedh the Bludgeoner (Centaur Death Knight)       Turns: 32406, Time: 01:23:31

HP -10/133 (134) AC 35     Str 20      XL: 16   Next: 76%
MP  22/26        EV  7     Int 14      God: Yredelemnul [******]
Gold 1861        SH  0     Dex 17      Spells:  0 memorised, 15 levels left

rFire  . . .     SeeInvis .     f - +9 great mace of Vanity {crush, Int+2}
rCold  + + .     Clarity  .     W - +10 plate armour of the Voivode {Slay+6}
rNeg   . . .     rCorr    .     (no shield)
rPois  +         rRot     .     p - +2 hat
rElec  .         Spirit   .     Y - +2 cloak {MR+}
SustAb .         Warding  .     t - +0 pair of gloves
rMut   .         Stasis   .     N - +0 centaur barding
Gourm  +                        U - amulet of the gourmand
MR     ++...                    X - ring of poison resistance
                                T - ring of Mnerhice {rC+ Stlth+}

@: agile, very slightly contaminated, hasted, drained, very quick, very
resistant to hostile enchantments, extremely unstealthy
A: antennae 1, hooves 3, clever 1, cold resistance 1, deformed body, speed 2,
high mp 1, tough skin 3, wild magic 1
a: Animate Dead, Recall Undead Slaves, Injury Mirror, Drain Life, Enslave Soul,
Renounce Religion


You were on level 5 of the Swamp.
You worshipped Yredelemnul.
Yredelemnul was exalted by your worship.
You were not hungry.

You visited 4 branches of the dungeon, and saw 32 of its levels.
You also visited: Labyrinth, Ice Cave and Volcano.

You collected 2678 gold pieces.
You spent 817 gold pieces at shops.

Inventory:

Hand weapons
 f - the +9 great mace of Vanity (weapon) {crush, Int+2}
   (You acquired it on level 6 of the Dungeon)

   It inflicts extra damage upon your enemies.
   It affects your intelligence (+2).
Armour
 p - a +2 hat (worn)
 t - a +0 pair of gloves (worn)
 N - a +0 centaur barding (worn)
 W - the +10 plate armour of the Voivode (worn) {Slay+6}
   (You found it in a labyrinth)

   It affects your accuracy and damage with ranged weapons and melee attacks
   (+6).
 Y - a +2 cloak of magic resistance (worn)
Magical devices
 a - a wand of teleportation (3)
 D - a wand of digging (7)
 S - a wand of disintegration (2)
Comestibles
 c - 13 bread rations
 q - 4 beef jerkies
 x - 45 fruits
 H - 4 royal jellies
 I - 8 slices of pizza
 P - 6 meat rations
Scrolls
 b - 3 scrolls of enchant weapon
 d - 7 scrolls of blinking
 h - 5 scrolls of enchant armour
 i - 5 scrolls of amnesia
 j - a scroll of recharging
 k - 9 scrolls of teleportation
 l - a scroll of brand weapon
 m - 7 scrolls of identify
 u - 3 scrolls of fear
 w - 18 scrolls of remove curse
 F - 3 scrolls of fog
 R - a scroll of silence
 V - a scroll of vulnerability
Jewellery
 s - a +4 ring of strength
 y - an uncursed ring of invisibility
 C - an uncursed ring of flight
 E - an uncursed amulet of stasis
 G - an uncursed ring of see invisible
 Q - an uncursed ring of protection from cold
 T - the ring of Mnerhice (left hand) {rC+ Stlth+}
   (You found it in a labyrinth)

   [ring of stealth]

   It protects you from cold.
   It makes you more stealthy.
 U - an amulet of the gourmand (around neck)
 X - a ring of poison resistance (right hand)
Potions
 e - 8 potions of curing
 g - 2 potions of cancellation
 n - a potion of might
 o - 3 potions of haste
 r - 3 potions of agility
 v - 3 potions of magic
 z - 2 potions of cure mutation
 A - 5 potions of restore abilities
 B - 3 potions of resistance
 J - a potion of porridge
 K - 2 potions of flight
 L - a potion of invisibility


   Skills:
 + Level 10.0(9.5) Fighting
 - Level 20.0(19.5) Maces & Flails
 + Level 11.3(10.8) Armour
 - Level 0.6(0.2) Dodging
 - Level 7.0(6.6) Invocations


You had 15 spell levels left.
You didn't know any spells.

Dungeon Overview and Level Annotations

Branches:
Dungeon (15/15)            Temple (0/1) D:6             Orc (4/4) D:9
    Elf (0/3) Orc:4          Lair (8/8) D:9           Swamp (5/5) Lair:5
  Snake (0/5) Lair:6        Slime (0/6) Lair:7       Vaults (0/5) D:13
 Depths (0/5) D:15

Altars:
Ashenzari
Dithmenos
Elyvilon
Qazlal
Sif Muna
Trog
Xom
Zin
Beogh
Jiyva

Shops:
D:10 [   D:12 !   D:13 *   Orc:4 *?*=

Annotations:
Lair:8 exclusion: 3 doors


Innate Abilities, Weirdness & Mutations

You have hooves in place of feet.
Armour fits poorly on your strangely shaped body.
You cover ground very quickly.
You have extremely tough skin (AC +3).
You have a pair of small antennae on your head.
Your mind is acute. (Int +2)
Your flesh is cold resistant.
You have an increased reservoir of magic (+10% MP).
Your spells are a little harder to cast, but a little more powerful.


Message History

The phantasmal warrior hits your skeletal warrior!!
Your ghoul barely misses the bone dragon.
Your ghoul claws the bone dragon!
Unknown command.
Unknown command.
You swap places.
The swamp dragon zombie bites your bog body skeleton.
The swamp dragon zombie claws your bog body skeleton.
The swamp dragon zombie tramples your bog body skeleton.
Your bog body skeleton holds its ground!
Your bog body skeleton is destroyed!
The insubstantial wisp barely misses your skeletal warrior.
An insubstantial wisp and a phantom come into view.
Unknown command.
The bone dragon bites your ghoul. The bone dragon claws your ghoul.
The bone dragon closely misses your ghoul.
Your ghoul hits the bone dragon but does no damage.
Your ghoul claws the bone dragon!
The phantasmal warrior hits you!
You die...
Your body rises from the dead as a mindless zombie.

#### ##≈P##
##≈≈≈≈##
##≈≈vZ..###
##≈Wz.DZZ..#
#≈.W.n#≈§..#
#≈≈J.#@n###...#
#≈v###..## ...#
#W. #.§≈## ..#
## ##≈..## .
##...# ##..##
#...## ##?§§#
#...##


You could see a bone dragon, a phantasmal warrior, a phantom, an insubstantial
wisp, 2 swamp dragon zombies, 2 friendly ghouls and a friendly skeletal warrior.

Vanquished Creatures
  Rupert (Lair:3)
  A thorn hunter (Swamp:5)
  Frances (D:15)
  A very ugly thing (D:15)
  2 dire elephants (Lair:8)
  4 vault guards (D:13)
  Snorg (Lair:3)
  A minotaur (Lab)
  Harold (Lair:4)
  7 hydras
  2 alligators
  Erica (D:10)
  4 centaur warriors
  A shambling mangrove (Swamp:2)
  A tengu warrior (D:8)
  5 ogre magi
  3 death yaks (Lair:8)
  Urug (Orc:4)
  Nergalle (Lair:8)
  A swamp dragon (Swamp:5)
  2 spriggan druids
  An unseen horror (D:14)
  3 orc knights
  3 hill giants
  A spectral hydra (Swamp:5)
  A wizard (D:15)
  3 griffons
  A necromancer (D:15)
  2 ugly things
  4 orc sorcerers
  5 cyclopes
  A manticore (D:13)
  17 elephants
  A feature mimic (Lair:6)
  A torpor snail (Lair:5)
  An orange crystal statue (D:9)
  6 komodo dragons
  6 gargoyles
  4 black mambas
  16 spiny frogs
  2 kobold demonologists (D:14)
  An item mimic (D:9)
  2 centaur skeletons (D:14)
  3 swamp worm zombies (Swamp:5)
  A tengu conjurer (D:13)
  A fire drake (Lair:4)
  6 hydra zombies
  3 efreet
  A blue devil (Orc:3)
  9 two-headed ogres
  A polar bear (Lair:8)
  11 freezing wraiths
  5 trolls
  6 blink frogs
  14 slime creatures
  Prince Ribbit (D:6)
  2 giant leeches
  3 bog bodies (Swamp:5)
  2 harpy zombies
  6 ravens
  5 spectral swamp dragons (Swamp:5)
  3 alligator zombies (Swamp:5)
  2 baby alligators (Swamp:5)
  3 basilisks
  A griffon zombie (D:15)
  17 orc warriors
  3 wyverns
  A redback (Orc:3)
  A hill giant zombie (D:14)
  2 shadows
  A spriggan (Swamp:2)
  A human (D:8)
  23 yaks
  2 trapdoor spiders
  A steam dragon (D:11)
  9 hippogriffs
  A deep elf mage (D:10)
  2 hungry ghosts
  A fire elemental (Volcano)
  A hill giant skeleton (D:14)
  A deep elf fighter (D:13)
  A human (shapeshifter) (D:14)
  11 vampire mosquitoes
  6 wolves
  A mottled dragon (D:15)
  12 water moccasins
  2 soldier ants (D:14)
  2 nagas (Lair:6)
  6 swamp worms
  3 wargs (Orc:4)
  3 spiders (Orc:3)
  A swamp drake (Swamp:4)
  14 porcupines
  A swamp dragon zombie (Swamp:5)
  A black bear (D:10)
  4 phantoms
  4 yellow wasps
  4 sky beasts
  14 ice beasts
  A necrophage (D:8)
  8 centaurs
  13 crocodiles
  21 ogres
  2 big kobolds
  A wyvern zombie (D:6)
  2 cyclops zombies (D:15)
  19 giant frogs
  A swamp dragon simulacrum (IceCv)
  5 insubstantial wisps
  3 scorpions
  5 killer bees
  An eye of draining (D:10)
  8 wights
  An elephant simulacrum (IceCv)
  A yak skeleton (D:8)
  2 electric eels
  A goliath beetle (D:8)
  5 crimson imps
  A centaur zombie (D:5)
  A giant frog zombie (D:6)
  A gnoll shaman (D:4)
  9 hounds
  6 jellies
  6 orc priests
  A cyclops simulacrum (D:15)
  14 orc wizards
  18 iguanas
  2 polar bear simulacra (IceCv)
  14 worker ants
  6 sheep
  3 centaur simulacra (IceCv)
  4 troll simulacra (IceCv)
  Jessica (D:2)
  A mottled dragon skeleton (D:10)
  A mummy (D:10)
  2 hound skeletons (D:4)
  A worker ant zombie (D:9)
  A scorpion zombie (D:6)
  28 adders
  5 gnolls
  52 green rats
  2 ogre simulacra (IceCv)
  A shadow imp (D:7)
  4 giant mites
  12 white imps (IceCv)
  An adder zombie (D:6)
  6 giant geckos
  2 oozes
  90 orcs
  2 ball pythons
  6 giant cockroaches
  17 goblins
  27 hobgoblins
  20 kobolds
  16 quokkas
  17 bats
  4 giant newts
  A goblin zombie (D:3)
  An orc skeleton (D:8)
  14 rats
  A rat zombie (D:8)
  2 fungi
894 creatures vanquished.

Vanquished Creatures (collateral kills)
  A thorn hunter (Swamp:5)
  2 hydras (Lair:4)
  Nessos (Orc:3)
  A death yak (Lair:8)
  A fire crab (Lair:8)
  2 swamp dragons
  A griffon (D:13)
  4 elephants
  A centaur zombie (D:15)
  4 spiny frogs
  Psyche (D:10)
  An orange demon (D:15)
  2 komodo dragons
  A baby alligator (Swamp:5)
  2 bog bodies
  3 two-headed ogres (Orc:4)
  4 slime creatures
  4 blink frogs
  An alligator zombie (Swamp:5)
  4 yaks
  A basilisk (Lair:1)
  A deep elf mage (D:14)
  A spriggan (Swamp:2)
  3 hippogriffs
  5 swamp worms
  6 wolves
  3 water moccasins
  A yellow wasp (Swamp:2)
  A phantom (D:5)
  2 swamp drakes (Swamp:5)
  12 ogres
  2 orc warriors
  2 centaurs
  2 crocodiles
  5 insubstantial wisps
  2 giant frogs
  An electric eel (Lair:3)
  A crimson imp (D:15)
  A jelly (D:15)
  An orc priest (Orc:3)
  5 orc wizards
  A spectral swamp drake (Swamp:5)
  An iguana (Lair:6)
  2 worker ants
  A sheep (Lair:6)
  An adder (Lair:3)
  12 green rats
  A swamp drake zombie (Swamp:5)
  A giant gecko (D:6)
  An ooze (D:11)
  28 orcs
  6 goblins
  2 kobolds
  3 briar patches (Swamp:5)
  A fungus (Lair:7)
160 creatures vanquished.

Vanquished Creatures (others)
  A skeletal warrior (Swamp:5)
  3 flayed ghosts
  2 phantasmal warriors
  A troll (D:15)
  2 flying skulls
  3 wraiths
  4 vampires
  2 spiny frog zombies (Lair:3)
  4 wights
  A giant frog zombie (D:6)
  A bog body skeleton (Swamp:5)
  An adder zombie (Lair:8)
  A giant newt zombie (D:1)
  5 orc zombies
  2 rat zombies (D:6)
  2 fungi (Lair:6)
  A plant (Lair:8)
36 creatures vanquished.

Grand Total: 1090 creatures vanquished

Notes
Turn   | Place    | Note
--------------------------------------------------------------
     0 | D:1      | MDvedh, the Centaur Death Knight, began the quest for the Orb.
     0 | D:1      | Reached XP level 1. HP: 17/17 MP: 2/2
   135 | D:1      | Reached XP level 2. HP: 21/24 MP: 3/3
   361 | D:1      | Reached XP level 3. HP: 27/29 MP: 5/5
   422 | D:1      | Acquired Yredelemnul's second power
  1212 | D:2      | Noticed Jessica
  1226 | D:2      | Killed Jessica
  1226 | D:2      | Reached skill level 4 in Maces & Flails
  1226 | D:2      | Reached XP level 4. HP: 24/36 MP: 5/5
  1587 | D:3      | Found a glowing silver altar of Zin.
  1980 | D:4      | Reached XP level 5. HP: 38/41 MP: 7/7
  1983 | D:4      | Acquired Yredelemnul's third power
  1983 | D:4      | Reached skill level 5 in Maces & Flails
  2419 | D:5      | Entered Level 5 of the Dungeon
  2426 | D:5      | HP: 2/41 [poisoned by an adder]
  2723 | D:4      | Reached XP level 6. HP: 42/48 MP: 8/8
  2739 | D:4      | Reached skill level 6 in Maces & Flails
  3107 | D:4      | Received a gift from Yredelemnul
  3505 | D:5      | Noticed an ice beast
  3512 | D:5      | Killed an ice beast
  3512 | D:5      | Reached skill level 7 in Maces & Flails
  3512 | D:5      | Reached XP level 7. HP: 49/55 MP: 7/9
  3530 | D:5      | Found a shadowy altar of Dithmenos.
  3560 | D:5      | Received a gift from Yredelemnul
  3746 | D:5      | Noticed a phantom
  3768 | D:5      | Killed a phantom
  3785 | D:5      | Noticed a centaur
  3792 | D:5      | Killed a centaur
  4236 | D:5      | Reached skill level 8 in Maces & Flails
  4344 | D:5      | Reached XP level 8. HP: 43/61 MP: 10/12
  4647 | D:5      | Noticed a phantom
  4668 | D:5      | Killed a phantom
  4668 | D:5      | Reached skill level 5 in Invocations
  4958 | D:6      | Noticed Prince Ribbit
  4966 | D:6      | Killed Prince Ribbit
  5046 | D:6      | Found a staircase to the Ecumenical Temple.
  5058 | D:6      | HP: 1/61 [orc warrior/battleaxe (22)]
  5379 | D:6      | Reached skill level 9 in Maces & Flails
  5764 | D:6      | Identified a scroll of acquirement
  5765 | D:6      | Got a crystal great mace
  5766 | D:6      | Identified the +9 great mace of Vanity {crush, Int+2} (You acquired it on level 6 of the Dungeon)
  5949 | D:6      | Reached XP level 9. HP: 34/67 MP: 17/17
  6268 | D:6      | Found a shattered altar of Ashenzari.
  6750 | D:7      | Reached skill level 10 in Maces & Flails
  7759 | D:8      | Noticed a centaur warrior
  7855 | D:8      | Killed a centaur warrior
  7855 | D:8      | Reached skill level 11 in Maces & Flails
  8058 | D:8      | Noticed an efreet
  8063 | D:8      | Killed an efreet
  8086 | D:8      | Noticed a tengu warrior
  8093 | D:8      | Killed a tengu warrior
  8093 | D:8      | Reached XP level 10. HP: 36/80 MP: 18/18
  8097 | D:8      | Reached skill level 5 in Fighting
  9145 | D:8      | Reached skill level 12 in Maces & Flails
  9404 | D:9      | Found a staircase to the Lair.
  9413 | D:9      | Got a transparent mace
  9418 | D:9      | Got a bloodstained plate armour
  9424 | D:9      | Gained mutation: Your flesh is cold resistant. [potion of mutation]
  9424 | D:9      | Gained mutation: You have a pair of small antennae on your head. [potion of mutation]
  9424 | D:9      | Gained mutation: Your mind is acute. (Int +2) [potion of mutation]
  9435 | D:9      | Identified the +5 plate armour of the King {Slay+4} (You found it on level 9 of the Dungeon)
  9436 | D:9      | Identified the +3 mace "Secret Weapon" {pain, +Inv rC+} (You found it on level 9 of the Dungeon)
  9515 | D:9      | Identified Lehudib's Incunabulum of Battle Magic and Ignition
  9580 | D:9      | Found a bloodstained altar of Trog.
  9582 | D:9      | Found a deep blue altar of Sif Muna.
  9584 | D:9      | Found a shimmering altar of Xom.
  9585 | D:9      | Found a stormy altar of Qazlal.
  9677 | D:9      | Found a staircase to the Orcish Mines.
  9786 | D:9      | Received a gift from Yredelemnul
 10192 | D:9      | Reached skill level 1 in Armour
 10218 | D:9      | Reached skill level 13 in Maces & Flails
 10218 | D:9      | Reached XP level 11. HP: 80/91 MP: 14/20
 10288 | Lair:1   | Entered Level 1 of the Lair of Beasts
 10366 | Lair:1   | Received a gift from Yredelemnul
 10727 | Lair:1   | Acquired Yredelemnul's fourth power
 11679 | Lair:2   | Reached skill level 14 in Maces & Flails
 11860 | Lair:2   | Noticed a six-headed hydra
 11864 | Lair:2   | Killed a six-headed hydra
 12039 | Lair:2   | Reached XP level 12. HP: 49/97 MP: 15/21
 12316 | Lair:2   | Received a gift from Yredelemnul
 12457 | Lair:2   | Reached skill level 5 in Armour
 13020 | Lair:3   | Found a dark tunnel.
 13069 | Volcano  | Entered a volcano
 13091 | Volcano  | Reached skill level 15 in Maces & Flails
 13270 | Lair:3   | Noticed Rupert
 13280 | Lair:3   | Killed Rupert
 14121 | Lair:3   | Noticed Snorg
 14132 | Lair:3   | Killed Snorg
 14517 | Lair:3   | Received a gift from Yredelemnul
 14962 | Lair:4   | Noticed Harold
 14971 | Lair:4   | Killed Harold
 14971 | Lair:4   | Reached skill level 16 in Maces & Flails
 15447 | Lair:4   | Noticed an eight-headed hydra
 15453 | Lair:4   | Killed an eight-headed hydra
 15482 | Lair:4   | Received a gift from Yredelemnul
 15499 | Lair:4   | Noticed a four-headed hydra
 15504 | Lair:4   | Killed a four-headed hydra
 15756 | Lair:4   | Reached XP level 13. HP: 87/104 MP: 20/22
 15858 | Lair:4   | Noticed a six-headed hydra
 15863 | Lair:4   | Killed a six-headed hydra
 16444 | Lair:5   | Found a staircase to the Swamp.
 16778 | Lair:5   | Got a bone mace
 16784 | Lair:5   | Identified the +7 mace "Qoinkion" {crush, rC+ Curse} (You found it on level 5 of the Lair of Beasts)
 16934 | Lair:6   | Received a gift from Yredelemnul
 17114 | Lair:6   | Found a staircase to the Snake Pit.
 17248 | Lair:6   | Acquired Yredelemnul's fifth power
 17248 | Lair:6   | Received a gift from Yredelemnul
 17527 | Lair:6   | Gained mutation: Your spells are a little easier to cast, but a little less powerful. [potion of mutation]
 17527 | Lair:6   | Lost mutation: Your spells are a little easier to cast, but a little less powerful. [potion of mutation]
 17528 | Lair:6   | Gained mutation: You have an increased reservoir of magic (+10% MP). [potion of mutation]
 17528 | Lair:6   | Gained mutation: Your spells are a little harder to cast, but a little more powerful. [potion of mutation]
 17592 | Lair:7   | Found a stormy altar of Qazlal.
 17788 | Lair:7   | Found a viscous altar of Jiyva.
 17789 | Lair:7   | Found a staircase to the Slime Pits.
 17816 | Lair:7   | Reached skill level 17 in Maces & Flails
 18505 | Lair:8   | Entered Level 8 of the Lair of Beasts
 18546 | Lair:8   | Found a labyrinth entrance.
 18557 | Lab      | Entered a labyrinth
 18616 | Lab      | Got a shimmering marble ring
 18617 | Lab      | Got a brightly glowing plate armour
 18924 | Lair:8   | Identified the ring of Mnerhice {rC+ Stlth+} (You found it in a labyrinth)
 18930 | Lair:8   | Identified the +10 plate armour of the Voivode {Slay+6} (You found it in a labyrinth)
 19010 | Lair:8   | Noticed a dire elephant
 19022 | Lair:8   | Killed a dire elephant
 19336 | Lair:8   | Noticed a dire elephant
 19340 | Lair:8   | Killed a dire elephant
 19536 | Lair:8   | Noticed Nergalle
 19545 | Lair:8   | Killed Nergalle
 19545 | Lair:8   | Reached XP level 14. HP: 111/111 MP: 23/25
 19545 | Lair:8   | Received a gift from Yredelemnul
 19550 | Lair:8   | Reached skill level 18 in Maces & Flails
 19550 | Lair:8   | Reached XP level 15. HP: 117/117 MP: 23/26
 19806 | Lair:8   | Received a gift from Yredelemnul
 21083 | Orc:1    | Entered Level 1 of the Orcish Mines
 21276 | Orc:1    | Received a gift from Yredelemnul
 21328 | Orc:1    | Found a roughly hewn altar of Beogh.
 21852 | Orc:4    | Entered Level 4 of the Orcish Mines
 21856 | Orc:4    | Found a staircase to the Elven Halls.
 21856 | Orc:4    | Noticed Urug
 21861 | Orc:4    | Received a gift from Yredelemnul
 21866 | Orc:4    | Killed Urug
 22142 | Orc:3    | Noticed Nessos
 22186 | Orc:3    | Killed Nessos
 22486 | Orc:3    | Received a gift from Yredelemnul
 22771 | Orc:4    | Found Ihal's Magic Scroll Emporium.
 22777 | Orc:4    | Found Fuyskocw's Assorted Antiques.
 22777 | Orc:4    | Found Wicaiwe's General Store.
 22777 | Orc:4    | Found Akhuonuh's Jewellery Shop.
 22865 | Orc:4    | Reached skill level 19 in Maces & Flails
 23092 | Orc:4    | Bought a scroll of silence for 112 gold pieces
 23092 | Orc:4    | Bought a scroll of vulnerability for 112 gold pieces
 23092 | Orc:4    | Bought a scroll of teleportation for 45 gold pieces
 23092 | Orc:4    | Bought a scroll of teleportation for 45 gold pieces
 23092 | Orc:4    | Bought a scroll of identify for 30 gold pieces
 23094 | Orc:4    | Bought a jewelled glass wand for 92 gold pieces
 23098 | Orc:4    | Bought a scroll of identify for 20 gold pieces
 23850 | D:10     | Entered Level 10 of the Dungeon
 23990 | D:10     | Noticed Erica
 24000 | D:10     | Killed Erica
 24256 | D:10     | Found Bidimef's Antique Armour Shop.
 24259 | D:10     | Bought a glowing cloak for 130 gold pieces
 24329 | D:10     | Noticed Psyche
 24491 | D:10     | Killed Psyche
 24880 | D:11     | Found a frozen archway.
 24901 | IceCv    | Entered an ice cave
 25284 | IceCv    | Found an ancient bone altar of Kikubaaqudgha.
 25511 | D:11     | Found a viscous altar of Jiyva.
 25517 | D:11     | Received a gift from Yredelemnul
 25815 | D:12     | Found a white marble altar of Elyvilon.
 25863 | D:12     | Received a gift from Yredelemnul
 26084 | D:12     | Received a gift from Yredelemnul
 26103 | D:12     | Found Idalom's Distillery.
 26110 | D:12     | Bought a potion of agility for 45 gold pieces
 26110 | D:12     | Bought a potion of resistance for 126 gold pieces
 26663 | D:13     | Found Kluts' Assorted Antiques.
 26675 | D:13     | Bought a potion of curing for 60 gold pieces
 26929 | D:13     | Found a gate to the Vaults.
 27320 | D:13     | Received a gift from Yredelemnul
 28087 | D:14     | Received a gift from Yredelemnul
 28275 | D:14     | Reached XP level 16. HP: 124/124 MP: 26/26
 28284 | D:14     | Reached skill level 20 in Maces & Flails
 28353 | D:14     | Reached skill level 10 in Armour
 29058 | D:14     | Received a gift from Yredelemnul
 29330 | D:15     | Entered Level 15 of the Dungeon
 29340 | D:15     | Noticed Frances
 29352 | D:15     | Killed Frances
 30163 | D:15     | Found a staircase to the Depths.
 30164 | D:15     | Received a gift from Yredelemnul
 30742 | Swamp:1  | Entered Level 1 of the Swamp
 31571 | Swamp:5  | Entered Level 5 of the Swamp
 32151 | Swamp:5  | Got an ancient helmet
 32152 | Swamp:5  | Identified the +1 helmet of Truth {rC++} (You found it on level 5 of the Swamp)
 32359 | Swamp:5  | Noticed a bone dragon
 32372 | Swamp:5  | Reached skill level 10 in Fighting
 32404 | Swamp:5  | HP: 3/133 [bone dragon (6)]
 32406 | Swamp:5  | Mangled by a phantasmal warrior

Action                   |  1- 3 |  4- 6 |  7- 9 | 10-12 | 13-15 | 16-18 || total
-------------------------+-------+-------+-------+-------+-------+-------++-------
Melee: Mace              |    94 |   188 |   138 |       |       |       ||   420
       Great mace        |       |       |    82 |   408 |   801 |   336 ||  1627
Invok: Animate Remains   |     3 |     1 |     1 |       |       |       ||     5
       Recall Undead Sla |       |     1 |     2 |    16 |    42 |    20 ||    81
       Injury Mirror     |       |       |     4 |     1 |       |       ||     5
       Animate Dead      |       |       |     1 |    11 |     4 |     8 ||    24
       Drain Life        |       |       |       |     1 |     6 |     2 ||     9
Evoke: Wand              |       |       |     2 |     6 |     8 |       ||    16
  Use: Scroll            |       |    19 |     2 |    10 |    10 |     5 ||    46
       Potion            |       |       |       |     3 |     6 |     6 ||    15
 Stab: Distracted        |       |       |     2 |     2 |     5 |     6 ||    15
       Confused          |       |       |       |       |       |     2 ||     2
  Eat: Chunk             |       |     5 |     4 |     3 |    36 |     7 ||    55
       Pizza             |       |     1 |       |     4 |       |       ||     5
       Meat ration       |       |       |     2 |     2 |       |       ||     4
       Bread ration      |       |       |       |     1 |     2 |       ||     3
